TOP OF THE 1ST |
University of Virginia Cavaliers batting - Pitching for Arizona State University Sun Devils : RHP Anthony Klein
|
Pitching: RHP Anthony Klein
|
|
Batting: RHB Eric McClelland
|
0-0: Ball 1-0: Ball 2-0: Called Strike 2-1: Fly out, F9 (Flyball, 9, EV 81.9 MPH)
|
Batting: SHB Jim Unknown
|
0-0: Ball 1-0: Called Strike 1-1: Fly out, F7 (Flyball, 7D, EV 95.0 MPH)
|
Batting: RHB Jim Unknown
|
0-0: Ball 1-0: Swinging Strike 1-1: Foul Ball, location: 2F 1-2: Ball 2-2: Foul Ball, location: 2F 2-2: Ground out 5-3 (Groundball, 56S, EV 91.2 MPH)
|
Top of the 1st over - 0 runs, 0 hits, 0 errors, 0 left on base; University of Virginia 0 - Arizona State University 0 |
BOTTOM OF THE 1ST |
Arizona State University Sun Devils batting - Pitching for University of Virginia Cavaliers : LHP Robin Thurgood
|
Pitching: LHP Robin Thurgood
|
|
Batting: RHB Tchaa Kombate
|
0-0: Called Strike 0-1: Called Strike 0-2: Ball 1-2: SINGLE (Line Drive, 7S, EV 103.1 MPH)
|
Batting: LHB Kenny Jackson
|
0-0: Ball 1-0: Ball 2-0: Ball 3-0: Base on Balls Tchaa Kombate to second
|
Batting: LHB Eddie Lemus
|
0-0: Ball 1-0: Fly out, F7 (Flyball, 7D, EV 85.6 MPH) Runner from 2nd tags up, SAFE at 3rd with throw by LF
|
Batting: SHB Joan Coucieiro
|
0-0: Ball 1-0: Foul Ball, location: 2F 1-1: Ball 2-1: Ball 3-1: Foul Ball, location: 2F 3-2: Base on Balls Kenny Jackson to second
|
Batting: SHB Jim Unknown
|
0-0: Called Strike 0-1: Ball 1-1: Fly out, F8 (Flyball, 89D, EV 83.8 MPH) Runner from 3rd tags up, SCORES, throw by CF Kenny Jackson to third
|
Batting: RHB Liam Thompson
|
0-0: Ball 1-0: Called Strike 1-1: Ball 2-1: Reached on error, E6 (Groundball, 56, EV 86.2 MPH) Kenny Jackson scores Joan Coucieiro to second
|
Batting: RHB Alonzo Cardona
|
0-0: Ground out 4-3 (Groundball, 34, EV 96.9 MPH)
|
Bottom of the 1st over - 2 runs, 1 hit, 1 error, 2 left on base; University of Virginia 0 - Arizona State University 2 |
TOP OF THE 2ND |
University of Virginia Cavaliers batting - Pitching for Arizona State University Sun Devils : RHP Anthony Klein
|
Batting: RHB Mario Morales
|
0-0: Foul Ball, location: 2F 0-1: Ball 1-1: Ball 2-1: SINGLE (Groundball, 6MD, EV 106.9 MPH)
|
Batting: RHB Jim Unknown
|
0-0: Fielders Choice at 2nd, 2-4 (Groundball, 15S, EV 64.4 MPH)
|
Batting: RHB Jim Unknown
|
0-0: Ball 1-0: Called Strike Pickoff Throw to First - Error! E1 Jim Unknown to second 1-1: Foul Ball, location: 2F 1-2: Ball 2-2: Foul Ball, location: 2F 2-2: Ball 3-2: Ground out 4-3 (Groundball, 4, EV 78.1 MPH) Jim Unknown to third
|
Batting: RHB Jim Unknown
|
0-0: Called Strike 0-1: Ball 1-1: SINGLE (Line Drive, 56, EV 95.0 MPH) Jim Unknown scores
|
Batting: RHB Carlos Castillo
|
0-0: DOUBLE (Line Drive, 3D, EV 109.4 MPH) Jim Unknown to third
|
Batting: RHB Jim Unknown
|
0-0: Ball 1-0: Foul Ball, location: 2F 1-1: Ball 2-1: Ball 3-1: Foul Ball, location: 2F 3-2: Ground out 4-3 (Groundball, 4, EV 82.5 MPH)
|
Top of the 2nd over - 1 run, 3 hits, 1 error, 2 left on base; University of Virginia 1 - Arizona State University 2 |
BOTTOM OF THE 2ND |
Arizona State University Sun Devils batting - Pitching for University of Virginia Cavaliers : LHP Robin Thurgood
|
Batting: RHB Bobby Johannsen
|
0-0: Foul Ball, location: 2F 0-1: Ball 1-1: Ball 2-1: Ball 3-1: Foul Ball, location: 2F 3-2: Base on Balls
|
Batting: RHB Raul Vargas
|
0-0: Grounds into double play, 6-4-3 (Groundball, 6, EV 82.5 MPH)
|
Batting: RHB Tchaa Kombate
|
0-0: Ball 1-0: Ground out 6-3 (Groundball, 6, EV 87.5 MPH)
|
Bottom of the 2nd over - 0 runs, 0 hits, 0 errors, 0 left on base; University of Virginia 1 - Arizona State University 2 |
TOP OF THE 3RD |
University of Virginia Cavaliers batting - Pitching for Arizona State University Sun Devils : RHP Anthony Klein
|
Batting: RHB Eric McClelland
|
0-0: SOLO HOME RUN (Flyball, 89XD, EV 96.9 MPH), Distance : 381 ft
|
Batting: SHB Jim Unknown
|
0-0: Ball 1-0: Swinging Strike 1-1: Ball 2-1: Ball 3-1: Called Strike 3-2: Fly out, F8 (Flyball, 8RM, EV 86.9 MPH)
|
Batting: RHB Jim Unknown
|
0-0: Ball 1-0: Ball 2-0: Ball 3-0: Called Strike 3-1: Base on Balls
|
Batting: RHB Mario Morales
|
0-0: SINGLE (Line Drive, 8RS, EV 87.5 MPH) Jim Unknown to second
|
Batting: RHB Jim Unknown
|
0-0: Ball 1-0: Called Strike 1-1: Foul Ball, location: 2F 1-2: Ball 2-2: Ball 3-2: Fielders Choice at 2nd, 3-6 (Groundball, 34S, EV 80.6 MPH) Jim Unknown to third
|
Batting: RHB Jim Unknown
|
0-0: Ball 1-0: Called Strike 1-1: Foul Ball, location: 2F 1-2: Ball 2-2: SINGLE (Groundball, 5D, EV 103.8 MPH) Jim Unknown scores Jim Unknown to second
|
Batting: RHB Jim Unknown
|
0-0: Called Strike 0-1: Foul Ball, location: 2F 0-2: Ball 1-2: Ball 2-2: Ball 3-2: Ground out 5-3 (Groundball, 56S, EV 86.9 MPH)
|
Top of the 3rd over - 2 runs, 3 hits, 0 errors, 2 left on base; University of Virginia 3 - Arizona State University 2 |
BOTTOM OF THE 3RD |
Arizona State University Sun Devils batting - Pitching for University of Virginia Cavaliers : LHP Robin Thurgood
|
Batting: LHB Kenny Jackson
|
0-0: Called Strike 0-1: Ball 1-1: Ball 2-1: Ball 3-1: Foul Ball, location: 2F 3-2: SINGLE (Flyball, 34D, EV 93.8 MPH)
|
Batting: LHB Eddie Lemus
|
0-0: Ball 1-0: Ground out 4-3 (Groundball, 34D, EV 97.5 MPH) Kenny Jackson to second
|
Batting: SHB Joan Coucieiro
|
0-0: Called Strike 0-1: Swinging Strike 0-2: Ball 1-2: Ball 2-2: Ball 3-2: Foul Ball, location: 2F 3-2: Strikes out swinging
|
Batting: SHB Jim Unknown
|
0-0: Swinging Strike 0-1: Foul Ball, location: 2F 0-2: Ball 1-2: Strikes out looking
|
Bottom of the 3rd over - 0 runs, 1 hit, 0 errors, 1 left on base; University of Virginia 3 - Arizona State University 2 |
TOP OF THE 4TH |
University of Virginia Cavaliers batting - Pitching for Arizona State University Sun Devils : RHP Anthony Klein
|
Batting: RHB Carlos Castillo
|
0-0: Reached on error, E3 (Groundball, 3, EV 86.2 MPH)
|
Batting: RHB Jim Unknown
|
0-0: Called Strike 0-1: Foul Ball, location: 2F 0-2: Foul Ball, location: 2F 0-2: Ball 1-2: Ball 2-2: Foul Ball, location: 2F 2-2: Foul Ball, location: 2F 2-2: Ball 3-2: Fly out, F3 (Popup, 3, EV 81.2 MPH)
|
Batting: RHB Eric McClelland
|
0-0: Ball 1-0: Called Strike 1-1: SINGLE (Groundball, 4MD, EV 97.5 MPH) Carlos Castillo to second Runner from 2nd tries for 3rd, SAFE, throw by CF made to third
|
Batting: SHB Jim Unknown
|
0-0: Ball 1-0: Foul Ball, location: 2F 1-1: Ball 2-1: Fly out, F7 (Flyball, 78M, EV 91.2 MPH) Runner from 3rd tags up, SCORES, throw by LF
|
Pitching: RHP Sho Fukumoto
|
|
Batting: RHB Jim Unknown
|
0-0: Ball 1-0: Foul Ball, location: 2F 1-1: Ball 2-1: Foul Ball, location: 2F 2-2: Foul Ball, location: 2F 2-2: Ball 3-2: Fly out, F8 (Line Drive, 78M, EV 97.5 MPH)
|
Top of the 4th over - 1 run, 1 hit, 1 error, 1 left on base; University of Virginia 4 - Arizona State University 2 |
BOTTOM OF THE 4TH |
Arizona State University Sun Devils batting - Pitching for University of Virginia Cavaliers : LHP Robin Thurgood
|
Batting: RHB Liam Thompson
|
0-0: Ball 1-0: Ball 2-0: Ball 3-0: Called Strike 3-1: Base on Balls
|
Batting: RHB Alonzo Cardona
|
0-0: SINGLE (Groundball, 56S, EV 72.5 MPH) (infield hit) Liam Thompson to second
|
Batting: RHB Bobby Johannsen
|
0-0: Called Strike 0-1: Swinging Strike 0-2: Ball 1-2: Ball 2-2: Strikes out swinging
|
Batting: RHB Raul Vargas
|
0-0: Called Strike 0-1: Foul Ball, location: 2F 0-2: Ball 1-2: SINGLE (Groundball, 56D, EV 96.2 MPH) Liam Thompson to third Alonzo Cardona to second Runner from 3rd tries for Home, SAFE, throw by LF to home
|
Batting: RHB Tchaa Kombate
|
0-0: Ball 1-0: SINGLE (Groundball, 13, EV 89.4 MPH) (infield hit) Alonzo Cardona to third Raul Vargas to second
|
Batting: LHB Kenny Jackson
|
0-0: Ball 1-0: Fly out, F9 (Line Drive, 9, EV 96.2 MPH) Runner from 3rd tags up, SCORES, no throw by RF
|
Batting: LHB Eddie Lemus
|
0-0: Ball 1-0: Called Strike 1-1: Ball 2-1: Ball 3-1: Foul Ball, location: 2F 3-2: Foul Ball, location: 2F 3-2: Foul Ball, location: 2F 3-2: Strikes out looking
|
Bottom of the 4th over - 2 runs, 3 hits, 0 errors, 2 left on base; University of Virginia 4 - Arizona State University 4 |
TOP OF THE 5TH |
University of Virginia Cavaliers batting - Pitching for Arizona State University Sun Devils : RHP Sho Fukumoto
|
Batting: RHB Mario Morales
|
0-0: Called Strike 0-1: Ball 1-1: Called Strike 1-2: Hit by Pitch
|
Batting: RHB Jim Unknown
|
0-0: Called Strike 0-1: Called Strike 0-2: Strikes out looking
|
Batting: RHB Jim Unknown
|
0-0: Ball 1-0: Ball 2-0: Fly out, F7 (Flyball, 7LSF, EV 77.5 MPH)
|
Batting: RHB Jim Unknown
|
0-0: Ball 1-0: Foul Ball, location: 2F 1-1: Ball 2-1: Ball 3-1: Base on Balls Mario Morales to second
|
Batting: RHB Carlos Castillo
|
0-0: Fly out, F7 (Flyball, 78D, EV 101.9 MPH)
|
Top of the 5th over - 0 runs, 0 hits, 0 errors, 2 left on base; University of Virginia 4 - Arizona State University 4 |
BOTTOM OF THE 5TH |
Arizona State University Sun Devils batting - Pitching for University of Virginia Cavaliers : LHP Robin Thurgood
|
Pitching: RHP Jim Unknown
|
|
Batting: SHB Joan Coucieiro
|
0-0: Ground out 4-3 (Groundball, 4, EV 88.1 MPH)
|
Batting: SHB Jim Unknown
|
0-0: Called Strike 0-1: Foul Ball, location: 2F 0-2: Ball 1-2: Strikes out swinging
|
Batting: RHB Liam Thompson
|
0-0: Called Strike 0-1: Foul Ball, location: 2F 0-2: Ball 1-2: Ball 2-2: SINGLE (Line Drive, 7LS, EV 100.0 MPH)
|
Batting: RHB Alonzo Cardona
|
0-0: Called Strike 0-1: Swinging Strike 0-2: Ball 1-2: Foul Ball, location: 2F 1-2: Ball 2-2: Fly out, F7 (Flyball, 7LD, EV 104.4 MPH)
|
Bottom of the 5th over - 0 runs, 1 hit, 0 errors, 1 left on base; University of Virginia 4 - Arizona State University 4 |
TOP OF THE 6TH |
University of Virginia Cavaliers batting - Pitching for Arizona State University Sun Devils : RHP Sho Fukumoto
|
Batting: RHB Jim Unknown
|
0-0: Ball 1-0: Ball 2-0: Ball 3-0: Base on Balls
|
Batting: RHB Eric McClelland
|
0-0: Called Strike 0-1: Ball 1-1: Called Strike 1-2: Strikes out swinging
|
Batting: SHB Jim Unknown
|
0-0: Ball 1-0: Ball 2-0: Called Strike 2-1: Ball 3-1: Fly out, F9 (Flyball, 9LS, EV 91.9 MPH)
|
Batting: RHB Jim Unknown
|
0-0: Foul Ball, location: 2F 0-1: Ball 1-1: Fielders Choice at 2nd, 6-4 (Groundball, 6, EV 86.2 MPH)
|
Top of the 6th over - 0 runs, 0 hits, 0 errors, 1 left on base; University of Virginia 4 - Arizona State University 4 |
BOTTOM OF THE 6TH |
Arizona State University Sun Devils batting - Pitching for University of Virginia Cavaliers : RHP Jim Unknown
|
Batting: RHB Bobby Johannsen
|
0-0: Ball 1-0: SINGLE (Groundball, 56D, EV 103.8 MPH)
|
Batting: RHB Raul Vargas
|
0-0: Ball 1-0: SINGLE (Flyball, 89S, EV 91.9 MPH) Bobby Johannsen to second Runner from 2nd tries for 3rd, SAFE, throw by CF made to third
|
Batting: RHB Tchaa Kombate
|
0-0: Ground out 6-3 (Groundball, 6M, EV 102.5 MPH) Bobby Johannsen scores Raul Vargas to second
|
Batting: LHB Kenny Jackson
|
0-0: Foul Ball, location: 2F 0-1: Ball 1-1: Foul Ball, location: 2F 1-2: Foul Ball, location: 2F 1-2: DOUBLE (Groundball, 5L, EV 105.0 MPH) Raul Vargas scores
|
Batting: LHB Eddie Lemus
|
0-0: Intentional Walk
|
Batting: SHB Joan Coucieiro
|
0-0: Called Strike 0-1: Foul Ball, location: 2F 0-2: Ball 1-2: Foul Ball, location: 2F 1-2: Ball 2-2: Ball 3-2: Fly out, F2 (Popup, 25F, EV 83.8 MPH)
|
Batting: SHB Jim Unknown
|
0-0: Ball 1-0: Ball 2-0: Called Strike 2-1: Foul Ball, location: 2F 2-2: Strikes out swinging
|
Bottom of the 6th over - 2 runs, 3 hits, 0 errors, 2 left on base; University of Virginia 4 - Arizona State University 6 |
TOP OF THE 7TH |
University of Virginia Cavaliers batting - Pitching for Arizona State University Sun Devils : RHP Sho Fukumoto
|
Pitching: RHP Jim Unknown
|
|
Batting: RHB Mario Morales
|
0-0: Ball 1-0: Ball 2-0: Called Strike 2-1: Swinging Strike 2-2: Ball 3-2: Foul Ball, location: 2F 3-2: Foul Ball, location: 2F 3-2: Base on Balls
|
Batting: RHB Jim Unknown
|
0-0: Foul Ball, location: 2F 0-1: Foul Ball, location: 2F 0-2: Foul Ball, location: 2F 0-2: Ball 1-2: Ball 2-2: Fly out, F8 (Flyball, 8RM, EV 98.1 MPH)
|
Batting: RHB Jim Unknown
|
0-0: Swinging Strike 0-1: Grounds into double play, 6-4-3 (Groundball, 6, EV 77.5 MPH)
|
Top of the 7th over - 0 runs, 0 hits, 0 errors, 0 left on base; University of Virginia 4 - Arizona State University 6 |
BOTTOM OF THE 7TH |
Arizona State University Sun Devils batting - Pitching for University of Virginia Cavaliers : RHP Jim Unknown
|
Pitching: LHP Jim Unknown
|
|
Batting: RHB Liam Thompson
|
0-0: Ground out 6-3 (Groundball, 6, EV 82.5 MPH)
|
Batting: RHB Alonzo Cardona
|
0-0: Ball 1-0: Fly out, F7 (Line Drive, 78S, EV 93.1 MPH)
|
Batting: RHB Bobby Johannsen
|
0-0: Foul Ball, location: 2F 0-1: Foul Ball, location: 2F 0-2: Strikes out swinging
|
Bottom of the 7th over - 0 runs, 0 hits, 0 errors, 0 left on base; University of Virginia 4 - Arizona State University 6 |
TOP OF THE 8TH |
University of Virginia Cavaliers batting - Pitching for Arizona State University Sun Devils : RHP Jim Unknown
|
Batting: RHB Jim Unknown
|
0-0: Ball 1-0: Ball 2-0: Ball 3-0: Called Strike 3-1: Base on Balls
|
Pinch Hitting: SHB Jim Unknown
|
0-0: Ball 1-0: Ball 2-0: Called Strike 2-1: Ball 3-1: Foul Ball, location: 2F 3-2: Fly out, F9 (Flyball, 89M, EV 85.0 MPH)
|
Batting: RHB Jim Unknown
|
0-0: Ball Wild Pitch! Jim Unknown to second 1-0: Called Strike 1-1: Ball 2-1: Foul Ball, location: 2F 2-2: Strikes out looking
|
Batting: RHB Eric McClelland
|
0-0: Foul Ball, location: 2F 0-1: Foul Ball, location: 2F 0-2: Ball 1-2: Ball Passed Ball! Jim Unknown to third 2-2: Ball 3-2: Base on Balls
|
Batting: SHB Jim Unknown
|
0-0: Foul Ball, location: 2F 0-1: Ball 1-1: Ball 2-1: Ball 3-1: Foul Ball, location: 2F 3-2: 3-RUN HOME RUN (Flyball, 9D, EV 96.9 MPH), Distance : 347 ft
|
Pitching: LHP Jim Unknown
|
|
Batting: RHB Jim Unknown
|
0-0: Foul Ball, location: 2F 0-1: Foul Ball, location: 2F 0-2: Foul Ball, location: 2F 0-2: SINGLE (Groundball, 34D, EV 105.0 MPH)
|
Batting: RHB Mario Morales
|
0-0: Called Strike 0-1: Ball 1-1: SINGLE (Groundball, 6, EV 104.4 MPH) Jim Unknown to second
|
Batting: RHB Jim Unknown
|
0-0: Ball 1-0: Ball 2-0: Fielders Choice at 2nd, 5-4 (Groundball, 56, EV 94.4 MPH)
|
Top of the 8th over - 3 runs, 3 hits, 0 errors, 2 left on base; University of Virginia 7 - Arizona State University 6 |
BOTTOM OF THE 8TH |
Arizona State University Sun Devils batting - Pitching for University of Virginia Cavaliers : LHP Jim Unknown
|
Now at 1B: Alexis Graciani
|
|
Batting: RHB Raul Vargas
|
0-0: Ball 1-0: Ball 2-0: SINGLE (Groundball, 56S, EV 96.2 MPH)
|
Pitching: LHP Jim Unknown
|
|
Batting: RHB Tchaa Kombate
|
0-0: Fielders Choice at 2nd, 1-6 (Groundball, 13S, EV 68.1 MPH)
|
Batting: LHB Kenny Jackson
|
0-0: Called Strike 0-1: Ball 1-1: Swinging Strike 1-2: Ball 2-2: Foul Ball, location: 2F 2-2: Strikes out looking
|
Pinch Hitting: RHB Arturo Gomez
|
0-0: Ball 1-0: Swinging Strike 1-1: Fielders Choice at 2nd, 6-4 (Groundball, 6, EV 99.4 MPH)
|
Bottom of the 8th over - 0 runs, 1 hit, 0 errors, 1 left on base; University of Virginia 7 - Arizona State University 6 |
TOP OF THE 9TH |
University of Virginia Cavaliers batting - Pitching for Arizona State University Sun Devils : LHP Jim Unknown
|
Now in RF: Arturo Gomez
|
|
Batting: RHB Jim Unknown
|
0-0: Ball 1-0: Ball 2-0: Ball 3-0: Base on Balls
|
Batting: RHB Jim Unknown
|
0-0: Ball 1-0: Ball 2-0: Bunt missed! 2-1: Sac Bunt to 3S - play at first, batter OUT! 3-1 Jim Unknown to second
|
Batting: RHB Alexis Graciani
|
0-0: Ball 1-0: DOUBLE (Flyball, 8RXD, EV 100.6 MPH) Jim Unknown scores
|
Batting: RHB Jim Unknown
|
0-0: Ball 1-0: Called Strike 1-1: Called Strike 1-2: Ball 2-2: Ball 3-2: Ground out 4-3 (Groundball, 4S, EV 77.5 MPH) Alexis Graciani to third
|
Batting: RHB Eric McClelland
|
0-0: Ball 1-0: Called Strike 1-1: Called Strike 1-2: Ball 2-2: Ball 3-2: Fly out, F7 (Flyball, 78M, EV 88.8 MPH)
|
Top of the 9th over - 1 run, 1 hit, 0 errors, 1 left on base; University of Virginia 8 - Arizona State University 6 |
BOTTOM OF THE 9TH |
Arizona State University Sun Devils batting - Pitching for University of Virginia Cavaliers : LHP Jim Unknown
|
Pitching: RHP Omar Barajas
|
|
Batting: SHB Joan Coucieiro
|
0-0: Called Strike 0-1: Called Strike 0-2: Ball 1-2: Foul Ball, location: 2F 1-2: Ball 2-2: Foul Ball, location: 2F 2-2: Ball 3-2: Foul Ball, location: 2F 3-2: SINGLE (Flyball, 6D, EV 92.5 MPH)
|
Batting: SHB Jim Unknown
|
0-0: Foul Ball, location: 2F 0-1: Swinging Strike 0-2: Strikes out looking
|
Batting: RHB Liam Thompson
|
0-0: Called Strike 0-1: Called Strike 0-2: Ball 1-2: Foul Ball, location: 2F 1-2: Ball 2-2: Ball 3-2: Base on Balls Joan Coucieiro to second
|
Batting: RHB Alonzo Cardona
|
0-0: Ball 1-0: Fly out, F6 (Line Drive, 6M, EV 70.0 MPH)
|
Batting: RHB Bobby Johannsen
|
0-0: Called Strike 0-1: Swinging Strike 0-2: Ball 1-2: Strikes out swinging
|
Bottom of the 9th over - 0 runs, 1 hit, 0 errors, 2 left on base; University of Virginia 8 - Arizona State University 6 |
|